 Dungeon Crawl Stone Soup version 0.20-a0-421-gf6b327c (webtiles) character file.

4696 Halberto the Cleaver (level 10, -2/93 HPs)
             Began as a Minotaur Berserker on Jan 1, 2017.
             Was a High Priest of Trog.
             Slain by a two-headed ogre
             ... wielding a +0 giant club
              (11 damage)
             ... on level 8 of the Dungeon.
             The game lasted 00:23:32 (6360 turns).

Halberto the Cleaver (Minotaur Berserker)           Turns: 6360, Time: 00:23:32

Health: -2/93      AC: 13    Str: 25    XL:     10   Next: 21%
Magic:  9/9        EV:  9    Int:  4    God:    Trog [*****.]
Gold:   455        SH:  0    Dex: 10    Spells: 9/9 levels left

rFire  . . .     SeeInvis +     V - +0 battleaxe
rCold  . . .     Gourm    .     a - +0 chain mail
rNeg   . . .     Faith    .     (shield currently unavailable)
rPois  +         Spirit   .     (helmet restricted)
rElec  .         Reflect  .     x - +1 cloak {rPois}
rCorr  .         Harm     .     (no gloves)
MR     .....                    (no boots)
Stlth  ..........               (no amulet)
                                A - ring of see invisible
                                n - +6 ring of slaying

@: no status effects
A: retaliatory headbutt, horns 2
a: Berserk, Trog's Hand, Brothers in Arms, Burn Spellbooks, Renounce Religion


You were on level 8 of the Dungeon.
You worshipped Trog.
Trog was extremely pleased with you.
You were not hungry.

You visited 2 branches of the dungeon, and saw 9 of its levels.

You collected 455 gold pieces.

Inventory:

Hand Weapons
 w - a +2 war axe of chopping
 V - a +0 battleaxe (weapon)
Missiles
 f - 263 stones (quivered)
Armour
 a - a +0 chain mail (worn)
 b - a +2 scale mail of magic resistance
 x - a +1 cloak of poison resistance (worn)
Jewellery
 k - an uncursed ring of ice
 n - a +6 ring of slaying (left hand)
 A - a ring of see invisible (right hand)
 Q - an uncursed ring of ice
Wands
 y - a wand of disintegration (14/24)
 I - a wand of random effects (19/48)
 J - a wand of digging (10/24)
 T - a wand of clouds (5/9)
Scrolls
 d - 5 scrolls of remove curse {unknown}
 e - 15 scrolls of identify {unknown}
 h - 3 scrolls of immolation {unknown}
 j - 3 scrolls of teleportation {unknown}
 s - 4 scrolls of fog {unknown}
 t - a scroll of magic mapping {unknown}
 u - 2 scrolls of enchant weapon {unknown}
 F - a scroll of enchant armour {unknown}
 H - 3 scrolls of amnesia {unknown}
Potions
 i - 5 potions of curing {unknown}
 l - 2 potions of resistance {unknown}
 m - a potion of beneficial mutation {unknown}
 o - a potion of ambrosia {unknown}
 p - 2 potions of brilliance {unknown}
 q - a potion of might {unknown}
 v - 2 potions of lignification {unknown}
 z - a potion of cure mutation {unknown}
 B - a potion of invisibility {unknown}
 G - a potion of mutation {unknown}
 L - a potion of magic {unknown}
 P - a potion of agility {unknown}
Books
 E - a book of Minor Magic

   Spells                             Type                      Level
   a - Magic Dart                     Conjuration                  1
   b - Blink                          Translocation                2
   c - Call Imp                       Summoning                    2
   d - Repel Missiles                 Charms/Air                   2
   e - Slow                           Hexes                        2
   f - Conjure Flame                  Conjuration/Fire             3
   g - Mephitic Cloud                 Conjuration/Poison/Air       3
   Trog disapproves of the use of such an item.
 K - a book of Geomancy

   Spells                             Type                      Level
   a - Sandblast                      Earth                        1
   b - Passwall                       Transmutation/Earth          2
   c - Stone Arrow                    Conjuration/Earth            3
   d - Petrify                        Transmutation/Earth          4
   e - Lee's Rapid Deconstruction     Earth                        5
   Trog disapproves of the use of such an item.
Comestibles
 c - 9 bread rations
 r - a chunk of flesh
 C - a slice of pizza
 D - 6 fruits
 R - 2 meat rations
 S - 8 beef jerkies
 U - 2 royal jellies


   Skills:
 + Level 10.0 Fighting
 * Level 12.0(12.3) Axes
   Level 4.5(9.1) Polearms
 + Level 9.1 Armour
 - Level 2.1 Dodging


You had 9 spell levels left.
You didn't know any spells.

Dungeon Overview and Level Annotations

Branches:
Dungeon (8/15)             Temple (1/1) D:4
   Lair: D:8-11

Altars:
Ashenzari
Cheibriados
Dithmenos
Elyvilon
Fedhas
Gozag
Hepliaklqana
Kikubaaqudgha
Makhleb
Nemelex Xobeh
Okawaru
Qazlal
Ru
Sif Muna
Trog
Uskayaw
Vehumet
Xom
Yredelemnul
Zin
The Shining One

Shops:
D:6 :


Innate Abilities, Weirdness & Mutations

You reflexively headbutt those who attack you in melee.
You have a pair of horns on your head.


Message History

Your Axes skill increases to level 12!
You see here a giant spiked club.
There isn't anything to butcher here.
A two-headed ogre comes into view.
It is wielding a giant club and a giant spiked club.
An iguana comes into view.
The iguana hisses angrily.
An orc warrior comes into view. It is wielding a dire flail.
Some of the chunks of flesh in your inventory have rotted away.
Found a forked fluorescent wand.
You slash the two-headed ogre!
The two-headed ogre is lightly wounded.
The two-headed ogre hits you with a giant club!
The two-headed ogre hits you with a giant spiked club!!
* * * LOW HITPOINT WARNING * * *
You slash the two-headed ogre!
The two-headed ogre is moderately wounded.
The two-headed ogre hits you with a giant club!
* * * LOW HITPOINT WARNING * * *
The two-headed ogre hits you with a giant spiked club!
You die...

#.....#.##.#
#...).#.##.#
.#.......##.###
............#...
##.#.....##.#.#
..
####.......#.. #
#.#....l.......
#.#O#.#.##.....
#.#@#.#... ....
#.....#.......#
###.######## .#
... . #.#. #. ./
## .# ..


You could see a two-headed ogre.

Vanquished Creatures
  Pikel (D:7)
  The ghost of Kurtz the Chopper, a novice DgGl (D:5)
  A hippogriff (D:7)
  5 yaks (D:8)
  Sigmund (D:2)
  A hungry ghost (D:7)
  Menkaure (D:7)
  A water moccasin (D:5)
  2 slaves (D:7)
  An ice beast (D:6)
  A black bear (D:7)
  2 phantoms
  3 ogres
  2 centaurs
  A big kobold (D:6)
  A bullfrog (D:6)
  2 scorpions
  3 killer bees (D:8)
  A howler monkey (D:4)
  10 wights
  A bullfrog zombie (D:7)
  2 crimson imps
  2 hounds
  A quasit (D:7)
  An orc priest (D:6)
  A jelly (D:8)
  Crazy Yiuf (D:3)
  8 orc wizards
  A centaur skeleton (D:4)
  2 iguanas
  2 worker ants
  A worker ant zombie (D:6)
  8 gnolls
  10 adders
  A shadow imp (D:3)
  An adder skeleton (D:5)
  5 worms
  3 leopard geckos
  30 orcs
  A ball python (D:3)
  5 giant cockroaches
  4 goblins
  7 hobgoblins
  3 jackals (D:4)
  6 quokkas
  4 bats
  5 frilled lizards
  25 kobolds
  9 rats
  8 plants (D:6)
199 creatures vanquished.

Notes
Turn   | Place    | Note
-------+----------+-------------------------------------------
     0 | D:1      | Halberto the Minotaur Berserker began the quest for the Orb.
     0 | D:1      | Reached XP level 1. HP: 19/19 MP: 0/0
   427 | D:1      | Reached XP level 2. HP: 25/27 MP: 1/1
   792 | D:2      | Reached skill level 1 in Polearms
   947 | D:2      | Reached XP level 3. HP: 33/33 MP: 2/2
  1022 | D:2      | Found a sacrificial altar of Ru.
  1022 | D:2      | Found an ancient bone altar of Kikubaaqudgha.
  1024 | D:2      | Noticed Sigmund
  1032 | D:2      | Killed Sigmund
  1032 | D:2      | Reached ** piety under Trog
  1032 | D:2      | Reached XP level 4. HP: 16/41 MP: 3/3
  1032 | D:2      | Reached XP level 5. HP: 19/47 MP: 4/4
  1301 | D:2      | Found a glowing silver altar of Zin.
  1328 | D:2      | Found a shimmering altar of Xom.
  1360 | D:2      | Reached skill level 5 in Fighting
  1361 | D:2      | Found a snail-covered altar of Cheibriados.
  1365 | D:2      | Found an iron altar of Okawaru.
  1779 | D:2      | Found a hazy altar of Hepliaklqana.
  2517 | D:3      | Found a runed door.
  2521 | D:3      | Noticed Crazy Yiuf
  2524 | D:3      | Killed Crazy Yiuf
  2524 | D:3      | Reached skill level 4 in Axes
  2524 | D:3      | Reached XP level 6. HP: 54/56 MP: 5/5
  2561 | D:3      | Found an iron altar of Okawaru.
  2814 | D:4      | Found a staircase to the Ecumenical Temple.
  2826 | Temple   | Entered the Ecumenical Temple
  2937 | D:4      | Reached skill level 5 in Axes
  3015 | D:4      | Reached *** piety under Trog
  3115 | D:4      | Reached XP level 7. HP: 60/63 MP: 6/6
  3454 | D:5      | Entered Level 5 of the Dungeon
  3538 | D:5      | Reached skill level 5 in Armour
  3564 | D:5      | Reached skill level 6 in Axes
  3682 | D:5      | Noticed Kurtz's ghost (novice DgGl)
  3691 | D:5      | Killed Kurtz's ghost
  3691 | D:5      | Reached skill level 7 in Axes
  3691 | D:5      | Reached XP level 8. HP: 73/73 MP: 7/7
  4112 | D:6      | Found Koawnith's Book Shoppe.
  4119 | D:6      | Reached skill level 8 in Axes
  4130 | D:6      | Reached **** piety under Trog
  4385 | D:6      | Found a glowing silver altar of Zin.
  4415 | D:6      | Reached skill level 9 in Axes
  5162 | D:6      | Reached XP level 9. HP: 68/81 MP: 8/8
  5218 | D:7      | Noticed Menkaure
  5222 | D:7      | Killed Menkaure
  5386 | D:7      | Found a sparkling altar of Nemelex Xobeh.
  5407 | D:7      | Reached ***** piety under Trog
  5564 | D:7      | Noticed Pikel
  5573 | D:7      | Killed Pikel
  5573 | D:7      | Reached skill level 10 in Axes
  5811 | D:7      | Reached skill level 11 in Axes
  6260 | D:8      | Reached XP level 10. HP: 64/92 MP: 9/9
  6343 | D:8      | Reached skill level 10 in Fighting
  6343 | D:8      | Reached skill level 12 in Axes
  6350 | D:8      | Noticed a two-headed ogre
  6360 | D:8      | Slain by a two-headed ogre

Vault maps used:
D:1:      dpeg_arrival_round_c, minmay_misc_feat_tower
D:2:      chequers_temple_overflow_statue_of_worship, lemuel_round_altar,
          lemuel_doored_altar, lemuel_round_altar, grunt_temple_overflow_open,
          serial_forest, infiniplex_forest_lined_room_,
          infiniplex_forest_lined_corner, infiniplex_forest_clump_curved,
          infiniplex_forest_lined_room_2, infiniplex_forest_end_2,
          infiniplex_forest_diagonal, infiniplex_forest_straight_3,
          infiniplex_forest_clump_small, kennysheep_potato, uniq_sigmund
D:3:      okawaru_metal_pillars_3, uniq_crazy_yiuf_cottage
D:5:      kennysheep_big_flooded_room, first_bread, kennysheep_generic_room_4
D:6:      kennysheep_kobold_camp, serial_shops, shop, lemuel_statue_altar
D:7:      black_bear_nest_1, kennysheep_little_box, grunt_ogre_cave,
          uniq_menkaure, uniq_pikel
D:8:      grunt_ministairs_12, serial_park_tiny_2
Temple:   cyrus_circular_temple

Skill      XL: |  1  2  3  4  5  6  7  8  9 10 |
---------------+-------------------------------+-----
Fighting       | 4 5 6 7 8 9 10 | 10.0
Polearms       | 1 4 |  4.5
Armour         | 3 4 5 7 8 9 |  9.1
Axes           | 4 5 7 9 11 12 | 12.0
Dodging        | |  2.1

Action                   |  1- 3 |  4- 6 |  7- 9 | 10-12 || total
-------------------------+-------+-------+-------+-------++-------
Melee: Hand axe          |    14 |       |       |       ||    14
       Spear             |    38 |    52 |       |       ||    90
       Headbutt          |     4 |    19 |    38 |     2 ||    63
       Scythe            |       |    20 |       |       ||    20
       War axe           |       |    40 |   204 |       ||   244
       Battleaxe         |       |       |     6 |    24 ||    30
Throw: Stone             |       |       |     1 |       ||     1
Invok: Berserk           |     1 |       |     1 |       ||     2
       Trog's Hand       |       |       |       |     1 ||     1
 Stab: Sleeping          |       |     1 |       |       ||     1
       Distracted        |       |       |     1 |       ||     1
  Eat: Chunk             |       |     8 |    11 |       ||    19
       Royal jelly       |       |       |     1 |       ||     1
Armor: Animal skin       |     8 |     8 |       |       ||    16
       Scale mail        |       |     9 |       |       ||     9
       Chain mail        |       |    11 |    82 |    13 ||   106
Dodge: Dodged            |    22 |    42 |    63 |    13 ||   140
